AoeStats
← Mateescu122121

Arena

509091293Analyzed
4v4 RM · 6d ago on Sep 25, 2026· 17m 21s· 8 players
Game mode
Random Map
Map size
Large (8 player)
Population
200
Speed
Normal
Resources
Standard
Victory
Conquest
Starting age
Dark Age
Ending age
Imperial Age
RankedLock teamsTeams togetherTeam positionsShared explorationLock speedFull tech treeHidden civsTurbo modeCheats
Victory
Defeat
🇦🇺 Hindustanis · Australia
1053
+13
🇦🇹 Danes · Austria
1044
+13
🇦🇹 Bohemians · Austria
1043
+13
🇪🇸 Koreans · Spain
993
+15
1035
-16
🇹🇼 Goths · Taiwan
1030
-15
991
-14
🇹🇼 Bohemians · Taiwan
846
-9
ナンゴン ウェニア
8:32 Feudal Age
7:12 Loom
9:51 Town Watch
zncyue
2:02 Loom
12:02 Feudal Age
14:52 Double-Bit Axe
17:15 Castle Age
15:31 Horse Collar
Hao
0:30 Loom
10:58 Feudal Age
15:12 Castle Age
13:23 Double-Bit Axe
16:03 Bow Saw
Mine Blasting Horse Dog
0:30 Loom
11:20 Feudal Age
12:48 Double-Bit Axe
richnoob575
10:33 Feudal Age
14:28 Castle Age
15:06 Double-Bit Axe
Mateescu122121
10:50 Feudal Age
14:25 Castle Age
13:04 Double-Bit Axe
15:11 Loom
CalaveraDelCid
0:34 Loom
11:13 Feudal Age
13:25 Double-Bit Axe
17:39 Castle Age
15:24 Horse Collar
xburnmanager
11:11 Feudal Age
15:28 Castle Age
14:35 Double-Bit Axe
14:34 Horse Collar
15:59 Fletching
Connection lost

Rejoining the realm…

Still unreachable

The connection could not be restored.

Session expired

The server has moved on; the page needs a fresh start.